 Dungeon Crawl Stone Soup version 0.28-a0-529-g3bad584f25 (webtiles) character file.

Game seed: 11762312297759581902

39 pokedragonboy the Shield-Bearer (level 3, 0/29 HPs)
             Began as a Formicid Fighter on Sept 25, 2021.
             Killed from afar by Sigmund (5 damage)
             ... with a magic dart
             ... on level 2 of the Dungeon.
             The game lasted 00:01:58 (1175 turns).

pokedragonboy the Shield-Bearer (Formicid Fighter)  Turns: 1175, Time: 00:01:58

Health: 0/29       AC:  9    Str: 21    XL:     3   Next: 67%
Magic:  3/3        EV: 24    Int:  7    God:
Gold:   81         SH:  0    Dex: 10    Spells: 2/2 levels left

rFire   . . .      SeeInvis +   a - +0 war axe
rCold   . . .      Faith    .   c - +0 buckler
rNeg    . . .      Spirit   .   b - +0 scale mail
rPois   .          Reflect  .   (helmet unavailable)
rElec   .          Harm     .   (no cloak)
rCorr   .          Rampage  .   (no gloves)
Will    .....                   o - +1 pair of boots
Stlth   ..........              n - amulet of the acrobat
HPRegen 0.09/turn               (no ring)
MPRegen 0.08/turn               (no ring)

@: confused, acrobatic
A: permanent stasis, dig shafts and tunnels, antennae 3, four strong arms
a: Dig, Shaft Self


You were on level 2 of the Dungeon.
You visited 1 branch of the dungeon, and saw 2 of its levels.

You collected 81 gold pieces.

Inventory:

Hand Weapons
 a - a +0 war axe (weapon)
Armour
 b - a +0 scale mail (worn)
 c - a +0 buckler (worn)
 o - a +1 pair of boots (worn)
Jewellery
 g - a ring of fire
 n - an amulet of the acrobat (around neck)
Scrolls
 i - 2 scrolls of magic mapping {unknown}
 m - a scroll of enchant armour
Potions
 d - a potion of might
 e - 2 potions of curing {unknown}
 f - a potion of mutation {unknown}
 h - a potion of resistance {unknown}
 j - 2 potions of attraction {unknown}
 k - a potion of heal wounds {unknown}
 l - a potion of berserk rage {unknown}


   Skills:
 + Level 3.6 Fighting
 * Level 2.8 Axes
 + Level 3.7 Armour
 + Level 4.0 Shields


You had 2 spell levels left.
You didn't know any spells.
Your spell library was empty.

Dungeon Overview and Level Annotations

Branches:
Dungeon (2/15)

Altars:

Shops:
D:1 *

Annotations:
D:2 Sigmund


Innate Abilities, Weirdness & Mutations

You cannot be hasted, slowed, berserked, paralysed or teleported.
You can dig through walls and to a lower floor.
You have a pair of large antennae on your head. (SInv)
Your four strong arms can wield two-handed weapons with a shield.


Message History

You closely miss Sigmund.
Sigmund is heavily wounded.
Sigmund closely misses you.
You slash Sigmund!
Sigmund is almost dead.
You closely miss Sigmund.
Sigmund is almost dead.
Sigmund hits you but does no damage.
You hit Sigmund but do no damage.
Sigmund is almost dead.
Sigmund points at you and mumbles some strange words.
You are confused.
Sigmund says, "Look into my eyes."
Sigmund points at you and mumbles some strange words.
The puff of flame hits you!
* * * LOW HITPOINT WARNING * * *
Sigmund mumbles some strange words.
Sigmund flickers and vanishes for a moment.
You barely miss Sigmund.
Sigmund is almost dead.
Sigmund hits you with a +0 scythe.
* * * LOW HITPOINT WARNING * * *
Sigmund misses you.
Okay, then.
You feel less confused. Sigmund misses you.
You barely miss Sigmund.
Sigmund is almost dead.
Sigmund barely misses you.
You closely miss Sigmund.
Sigmund is almost dead.
Sigmund screams, "Die, monster!"
Sigmund closely misses you.
You closely miss Sigmund.
Sigmund is almost dead.
Sigmund gestures at you while chanting.
You are confused.
Sigmund gestures at you while chanting. The magic dart hits you.
You die...

#.# ###.#
#...#
###'###+###
#.$)......#
#.........#
#.....!...#
#......@..#
#.......@.#
#.........#
#.........#
###########


You could see Sigmund (invisible).

Vanquished Creatures
  A worm (D:2)
  6 endoplasms
  3 goblins
  6 hobgoblins
  A quokka (D:2)
  3 ball pythons (D:1)
  5 bats
  A frilled lizard (D:1)
  4 kobolds
  A rat (D:2)
31 creatures vanquished.

Notes
Turn   | Place    | Note
-------+----------+-------------------------------------------
     0 | D:1      | pokedragonboy the Formicid Fighter began the quest for the
                  | Orb.
     0 | D:1      | Reached XP level 1. HP: 18/18 MP: 1/1
    70 | D:1      | Found Fagrub's Assorted Antiques.
   123 | D:1      | Reached XP level 2. HP: 21/24 MP: 2/2
   248 | D:1      | Found a faded altar of an unknown god.
   753 | D:2      | Reached XP level 3. HP: 25/29 MP: 3/3
   877 | D:2      | Reached skill level 4 in Shields
  1152 | D:2      | Noticed Sigmund
  1175 | D:2      | Killed from afar by Sigmund

Illustrated notes

Levels and vault maps discovered:
D:1:      saegor_arrival_under_anarchy, layout_loops_ring, serial_shops,
          nicolae_shop_temple_entry_statues_fountains, basic_ecumenical_altar,
          minmay_box_of_dots
D:2:      layout_basic, serial_shops, shop, uniq_sigmund

Skill      XL: |  1  2  3 |
---------------+----------+-----
Shields        | 4 |  4.0
Fighting       | |  3.6
Axes           | |  2.8
Armour         | |  3.7

Action                   || total
-------------------------++-------
Melee: War axe           ||   105
  Use: Scroll            ||     1
Armor: Scale mail        ||    45
Dodge: Dodged            ||    71
Block: Buckler           ||    23

Table legend: (Time is in decaauts)
 A = Elapsed time spent in this place.
 B = Non-inter-level travel time spent in this place.
 C = Inter-level travel time spent in this place.
 D = Time resting spent in this place.
 E = Time spent auto-exploring this place.
 F = Levels seen in this place.
 G = Mean time per level.
                   A        B        C        D        E       F      G
               +--------+--------+--------+--------+--------+-----+--------+
         Total |   1214 |   1209 |      5 |      0 |    931 |   2 |  607.0 |
       Dungeon |   1214 |   1209 |      5 |      0 |    931 |   2 |  607.0 |
               +--------+--------+--------+--------+--------+-----+--------+

Top non-repeatable levels by time:
     D:1: 761 daAuts
     D:2: 452 daAuts
